Flaenia the Unfeathered, neutral female gnomish Cavewoman --- --@-- --)%o| |.....| |<^..-- |....- |..... ---. Flaenia the Unfeathered the Wanderer Experience level: 8 Strength: 14 Dexterity: 15 Constitution: 18 Intelligence: 9 Wisdom: 9 Charisma: 8 Health: 0(67) Energy: 30(30) Def: 12 Gold: 1688 Moves: 8456 Dungeon seed: f5i0TOUTZVkbv7su Game ID: Flaenia the Unfeathered_1530086090 Your Inventory: Coins $ - 1688 gold pieces Weapons a - an uncursed +1 club (weapon in hand) b - an uncursed +2 sling (alternate weapon; not wielded) f - a blessed +1 dagger S - a blessed +0 dagger W - 2 uncursed +0 daggers Armor q - a cursed rusty -1 dwarvish iron helm (being worn) r - an uncursed +0 pair of iron shoes (being worn) y - an uncursed +0 shield of reflection (being worn) z - an uncursed +0 cloak of displacement (being worn) A - a blessed +1 dwarvish mithril-coat (being worn) Comestibles h - an uncursed sprig of wolfsbane l - 6 uncursed tripe rations I - an uncursed food ration L - an uncursed lizard corpse P - an uncursed fortune cookie Rings d - an uncursed ring of sustain ability B - a cursed ring of teleportation G - an uncursed ring of cold resistance K - an uncursed ring of cold resistance M - an uncursed ring of poison resistance Wands c - an uncursed wand of slow monster (0:6) j - an uncursed wand of digging (0:3) k - an uncursed wand of sleep (0:3) o - an uncursed wand of probing (0:3) E - an uncursed wand of sleep (0:7) J - an uncursed wand of locking (0:1) O - an uncursed wand of light (0:12) X - an uncursed wand of create monster (0:12) Y - an uncursed wand of sleep (0:7) Z - an uncursed wand of striking (0:7) Tools e - an uncursed skeleton key g - a blessed tallow candle (0:200) m - an uncursed lock pick w - an uncursed bag of holding x - an uncursed towel Gems n - 15 uncursed rocks (in quiver) Contents of the bag of holding: an uncursed scroll of destroy armor 2 uncursed scrolls of earth an uncursed scroll of genocide an uncursed scroll of gold detection a blessed scroll of identify a cursed scroll of identify 2 uncursed scrolls of light a blessed scroll of stinking cloud 2 uncursed potions of healing a potion of unholy water Spells and supernatural/magical abilities: Name Level Category Fail Memory m - magic missile 2 attack 100% 68% s - slow monster 2 enchantment 100% 61% W - pray for help -- divine ? -- Your skills at the end: Fighting Skills bare handed combat [Basic] Weapon Skills club [Basic] sling [Basic] Spellcasting Skills Final Attributes: You were piously aligned. You had wounded legs. You were telepathic. You had infravision. You were displaced. You were fast. You had reflection. You were lucky. You are dead. Vanquished creatures: The Oracle a giant mimic an ettin zombie a quivering blob an iron piercer a giant spider a lizard a raven a gnome mummy 2 snakes 2 apes a human zombie a rope golem a bugbear an imp a wood nymph a mountain nymph 10 Uruk-hai a rock piercer a rock mole 2 ponies a fog cloud a violet fungus 2 black naga hatchlings 2 golden naga hatchlings a baby crocodile 4 giant ants a little dog 4 floating eyes 3 kittens 2 dwarves 3 homunculi a kobold lord 7 hill orcs 5 rothes 4 giant bats 3 orc zombies 3 dwarf zombies a wererat a werejackal 5 iguanas 2 acid blobs 4 coyotes 2 gas spores 6 hobbits 11 manes a large kobold 4 giant rats a cave spider 2 brown molds 3 yellow molds a green mold a red mold 2 gnomes 2 gnome zombies 3 geckos 7 jackals 11 foxes 3 kobolds 5 goblins 7 sewer rats 14 grid bugs 5 bats 11 lichens 2 kobold zombies 12 newts 209 creatures vanquished. Voluntary challenges: You had been an atheist until turn 1892. You used a wielded weapon 434 times, starting on turn 4. You read items or engraved 4 times, starting on turn 541. You never genocided any monsters. You never polymorphed an object. You never changed form. You used no wishes. You never split a pudding. You never wrote Elbereth's name. You violated your moral code, losing 52 points of alignment, starting on turn 4232. Dungeon overview: The Dungeons of Doom: levels 1 to 7 Level 1 some fountains a long staircase Level 2 a fountain Level 3 a general store, some fountains Level 4 some fountains stairs to The Gnomish Mines Level 5 a sink Level 6 a fountain Level 7 an armor shop stairs to Sokoban The Gnomish Mines: levels 5 to 10 Level 5 stairs to The Dungeons of Doom Level 6 Level 7 Level 8 many shops, a temple to Anu, some fountains, some trees Level 9 Level 10 <- You were here Sokoban: levels 3 to 6 Level 3 Level 4 Level 5 Level 6 stairs to The Dungeons of Doom History has recorded: On T:1 you entered the Dungeons of Doom to retrieve the Amulet of Yendor! On T:208 you advanced to experience level 2. On T:381 you reached level 2 of The Dungeons of Doom. On T:575 you advanced to experience level 3. On T:699 you reached level 3 of The Dungeons of Doom. On T:1225 you reached level 4 of The Dungeons of Doom. On T:1467 you advanced to experience level 4. On T:1515 you reached level 5 of The Dungeons of Doom. On T:1927 you reached level 6 of The Dungeons of Doom. On T:2125 you advanced to experience level 5. On T:2304 you reached level 7 of The Dungeons of Doom. On T:2665 you reached level 4 of Sokoban. On T:3033 you reached level 3 of Sokoban. On T:3633 you reached level 2 of Sokoban. On T:3828 you advanced to experience level 6. On T:4036 you reached level 1 of Sokoban. On T:5451 you advanced to experience level 7. On T:5865 you reached level 1 of The Gnomish Mines. On T:5996 you reached level 2 of The Gnomish Mines. On T:6096 you reached level 3 of The Gnomish Mines. On T:6415 you reached level 4 of The Gnomish Mines. On T:6929 you reached level 5 of The Gnomish Mines. On T:7818 you advanced to experience level 8. On T:8399 you reached level 6 of The Gnomish Mines. Score breakdown: Gold: 1688 (10979 points) Experience: 8 levels (14739 points) Exploration: 10 levels ( 20.00%) (12857 points) Discoveries: 24 items ( 8.03%) ( 8499 points) Valuables value: (no points given unless you survive) Artifact value: 0 ( 0 points) Variety of kills: 66 monsters ( 17.32%) (12486 points) Turncount: 8456 turns (-2130 points) Survival: died (score multiplied by 80%) Total score: 45944 Latest messages: You hit the hill orc! The hill orc misses. You kill the hill orc! You hit the hill orc. The hill orc swings her curved sword. The hill orc hits! You hit the hill orc. The hill orc swings her curved sword. The hill orc misses. You kill the hill orc! The hill orc wields a curved sword! You hit the hill orc. (2x) The hill orc swings his curved sword. The hill orc hits! The hill orc swings her curved sword. The hill orc misses. You hear some noises. The hill orc is killed! You hit the hill orc! The hill orc swings his curved sword. The hill orc hits! You die... Final status: Goodbye Flaenia the Unfeathered the Cavewoman, killed by a hill orc... You died in The Gnomish Mines on dungeon level 10 with 45944 points, and 1688 pieces of gold, after 8456 moves. You were level 8 with a maximum of 67 hit points when you died.